 Dungeon Crawl Stone Soup version 0.20-a0-855-gd83b866 (webtiles) character file.

288495 Dfrag the Eclecticist (level 20, -12/181 HPs)
             Began as a Demonspawn Fire Elementalist on Mar 9, 2017.
             Was a Priest of Vehumet.
             Killed from afar by a frost giant (64 damage)
             ... with a bolt of cold
             ... created by the fury of Okawaru
             ... on level 2 of the Vaults on Mar 12, 2017.
             The game lasted 02:52:51 (55901 turns).

Dfrag the Eclecticist (DsFE)                       Turns: 55901, Time: 02:52:52

Health: -12/181    AC: 17    Str:  9    XL:     20   Next: 24%
Magic:  0/41       EV: 18    Int: 23    God:    Vehumet [***...]
Gold:   2531       SH: 13    Dex: 23    Spells: 24/54 levels left

rFire    + + +     SeeInvis .   T - staff of fire
rCold    x . .     Gourm    .   C - +2 robe {Archmagi}
rNeg     + . .     Faith    .   D - +0 shield "Deyhag" {rElec rF+ rN+ Dex+4}
rPois    .         Spirit   +   (helmet unavailable)
rElec    +         Reflect  .   K - scarf of the Hot Ocelot {Dex+3}
rCorr    +         Harm     .   f - +1 pair of gloves of Okawaru's Wrath {rElec MR++ rCorr Slay-4}
MR       +++..     Clarity  +   z - +2 pair of boots {run}
Stlth    ++........             N - amulet of magic regeneration
Regen    0.4/turn               O - ring of fire
MPRegen  0.7/turn               M - +6 ring of evasion

@: quick
A: hooves 1, horns 3, iridescent scales 3, clarity, demonic guardian 2, robust
2, shaggy fur 2, electricity resistance, magic shield, magic regeneration, no
potion heal 1
}: 1/15 runes: gossamer
a: Renounce Religion


You were on level 2 of the Vaults.
You worshipped Vehumet.
Vehumet was most pleased with you.
You were not hungry.

You visited 9 branches of the dungeon, and saw 38 of its levels.
You also visited: Ice Cave.

You collected 3567 gold pieces.
You spent 1036 gold pieces at shops.

Inventory:

Hand Weapons
 g - a +3 double sword of flaming
 W - the +8 demon whip "Jelly's Curse" {pain, rElec}
   (Okawaru gifted it to you on level 3 of the Spider Nest)

   In the hands of one skilled in necromantic magic, it inflicts extra damage on
   living creatures.
   It insulates you from electricity.
Armour
 d - a +1 buckler of protection
 f - the +1 pair of gloves of Okawaru's Wrath (worn) {rElec MR++ rCorr Slay-4}
   (Okawaru gifted it to you on level 4 of the Swamp)

   It affects your accuracy and damage with ranged weapons and melee attacks
   (-4).
   It insulates you from electricity.
   It affects your resistance to hostile enchantments.
   It protects you from acid and corrosion.
 z - a +2 pair of boots of running (worn)
 C - a +2 robe of the Archmagi (worn)
 D - the +0 shield "Deyhag" (worn) {rElec rF+ rN+ Dex+4}
   (Okawaru gifted it to you on level 6 of the Lair of Beasts)

   It affects your dexterity (+4).
   It protects you from fire.
   It insulates you from electricity.
   It protects you from negative energy.
 K - the scarf of the Hot Ocelot (worn) {Dex+3}
   (Okawaru gifted it to you on level 2 of the Swamp)

   It affects your dexterity (+3).
Magical Staves
 h - an uncursed staff of wizardry
 I - an uncursed staff of energy
 T - an uncursed staff of fire (weapon)
Jewellery
 b - a +3 amulet of reflection
 e - an uncursed ring of see invisible
 y - an uncursed ring of protection from cold
 L - an uncursed ring of magical power
 M - a +6 ring of evasion (left hand)
 N - an amulet of magic regeneration (around neck)
 O - a ring of fire (right hand)
Wands
 A - a wand of flame (23/48)
Scrolls
 a - 3 scrolls of fog
 j - 2 scrolls of fear
 m - 14 scrolls of remove curse
 r - a scroll of teleportation
 v - 5 scrolls of brand weapon
 x - 7 scrolls of magic mapping
 G - 3 scrolls of enchant weapon
 H - 2 scrolls of amnesia
 P - a scroll of summoning
 V - a scroll of blinking
 Y - 2 scrolls of enchant armour
Potions
 i - 5 potions of lignification
 k - 5 potions of curing
 l - 9 potions of haste
 n - 3 potions of flight
 p - 2 potions of magic
 q - 2 potions of berserk rage
 s - 3 potions of heal wounds
 t - 4 potions of brilliance
 u - 4 potions of might
 w - 4 potions of invisibility
 B - a potion of degeneration {unknown}
 F - 3 potions of resistance
 Q - 2 potions of cancellation
 R - a potion of ambrosia
 S - a potion of mutation
 X - 3 potions of agility
Books
 J - a book of Battle

   Spells                             Type                      Level
   a - Infusion                       Charms                       1
   b - Shroud of Golubria             Charms/Translocation         2
   c - Song of Slaying                Charms                       2
   d - Spectral Weapon                Hexes/Charms                 3
   e - Regeneration                   Charms/Necromancy            3
 Z - a book of Clouds

   Spells                             Type                      Level
   a - Poisonous Vapours              Poison/Air                   2
   b - Mephitic Cloud                 Conjuration/Poison/Air       3
   c - Conjure Flame                  Conjuration/Fire             3
   d - Freezing Cloud                 Conjuration/Ice/Air          6
   e - Ring of Flames                 Charms/Fire                  7
Comestibles
 c - 13 bread rations
 o - 10 meat rations
 U - 7 royal jellies


   Skills:
 - Level 11.2 Fighting
 - Level 1.7 Dodging
 - Level 1.7 Stealth
 - Level 13.1 Shields
 + Level 17.5 Spellcasting
 + Level 13.8 Conjurations
 + Level 17.4 Fire Magic
 - Level 9.5 Ice Magic
   Level 8.8 Invocations


You had 24 spell levels left.
You knew the following spells:

 Your Spells              Type           Power        Failure   Level  Hunger
a - Flame Tongue          Conj/Fire      #####        0%          1    None
b - Conjure Flame         Conj/Fire      ########     0%          3    None
c - Sticky Flame          Conj/Fire      ########     1%          4    None
d - Fireball              Conj/Fire      ########..   1%          5    None
e - Mephitic Cloud        Conj/Pois/Air  ######..     1%          3    None
f - Searing Ray           Conj           ######       1%          2    None
g - Blink                 Tloc           N/A          8%          2    None
h - Iskenderun's Mystic   Conj           #######.     1%          4    None
i - Freezing Cloud        Conj/Ice/Air   ######....   5%          6    ####...


Dungeon Overview and Level Annotations

Branches:
Dungeon (15/15)            Temple (1/1) D:4            Lair (6/6) D:11
  Swamp (4/4) Lair:4       Spider (4/4) Lair:4        Slime (0/5) Lair:6
    Orc (2/2) D:9             Elf (2/3) Orc:2        Vaults (2/5) D:14
 Depths (2/5) D:15
  Crypt: Vaults:2-3

Altars:
Cheibriados
Dithmenos
Elyvilon
Kikubaaqudgha
Makhleb
Nemelex Xobeh
Okawaru
Qazlal
Ru
Sif Muna
Trog
Uskayaw
Vehumet
Xom
Zin
The Shining One
Beogh
Jiyva

Shops:
D:4 ?*   D:9 %   D:13 *   Orc:2 =(*[   Elf:1 (%?=(}=   Vaults:2 *

Portals:
Hell: Depths:1
Pandemonium: Depths:1
Ziggurat: Depths:1

Annotations:
D:14 Roxanne
D:15 Mara
Depths:2 Sojobo, the Enchantress


Innate Abilities, Weirdness & Mutations

You have a pair of large horns on your head.
You are completely covered in iridescent scales. (AC +6)
A demonic guardian rushes to your aid.
You are very robust. (+20% HP)
When hurt, damage is shared between your health and your magic reserves.
You regenerate magic rapidly.
You have large cloven feet.
You possess an exceptional clarity of mind.
You are covered in thick fur. (AC +2)
You are resistant to electric shocks. (rElec)
Potions are less effective at restoring your health.


Message History

You feel a huge surge of power!
The sticky flame hits the frost giant.
The frost giant appears unharmed.
The frost giant is heavily wounded.
The frost giant is covered in liquid flames!
The frost giant burns!
The frost giant hits you with a battleaxe of freezing!
The frost giant freezes you.
The frost giant burns!
The frost giant casts a spell at you. The bolt of cold misses you.
The frost giant burns!
The frost giant stops burning.
The frost giant casts a spell at you. The bolt of cold hits you!
You feel a terrible chill!
There is a large open door here.
The frost giant gestures at you while chanting.
The bolt of cold hits you!
You feel a terrible chill!
* * * LOW HITPOINT WARNING * * *
The frost giant casts a spell at you. The bolt of cold hits you!
You feel a terrible chill!
You die...

..(C.........
.........#
####§(######
#######..#
#4§....# #..#
#§.3...# #..#
#..<...# #..#
#......# #..#
#...)..#
########C.#
#......#
#......#..#
########
#.@)...#..# ##
#......C..# .#
#####
#......'..#
.#### #...##
#......#..#
....# ####.##
#......#..#
###.#
##.##########..#
..#.# ##...##
#..# <.#.#
##.....# #..#
....# #..>..##
#..#


You could see a frost giant.

Vanquished Creatures
  Jorgrun (Swamp:4)
  A tentacled monstrosity (Swamp:1)
  3 titans
  Asterion (Vaults:1)
  A deep elf blademaster (Vaults:2)
  Gastronok (D:8)
  A sphinx (Vaults:1)
  Donald (Swamp:2)
  4 fire giants
  6 emperor scorpions (Spider:4)
  4 ghost moths (Spider:4)
  6 frost giants
  3 orc warlords
  2 vault wardens (Vaults:1)
  A cacodemon (Depths:1)
  2 ironheart preservers (Vaults:1)
  8 very ugly things
  2 entropy weavers
  Nessos (Lair:5)
  7 stone giants
  A deep elf demonologist (Elf:1)
  3 spark wasps
  A deep elf death mage (Elf:1)
  3 merfolk javelineers
  An ettin (Depths:1)
  3 minotaurs
  2 green deaths (Swamp:4)
  2 merfolk impalers
  2 fire dragons
  3 yaktaur captains
  4 rakshasas
  4 vault guards
  13 hydras
  2 great orbs of eyes
  An ice dragon (Depths:1)
  2 ghost crabs
  12 centaur warriors
  A naga warrior (Depths:1)
  An ice dragon (shapeshifter) (Vaults:1)
  A spriggan air mage (Depths:1)
  5 ogre magi
  Erica (Lair:1)
  6 alligators
  A catoblepas (D:13)
  9 death yaks
  7 dancing weapons
  20 two-headed ogres
  2 deep troll shamans (Depths:1)
  6 tengu warriors
  4 orc high priests (Orc:2)
  10 deep elf knights
  The ghost of AllHailThrall the Cleaver, a novice MiBe of Trog (D:9)
  6 skeletal warriors
  A shadow wraith (Vaults:1)
  A flayed ghost (Vaults:2)
  2 glowing orange brains (Depths:1)
  5 spriggan druids
  8 swamp dragons
  2 salamander mystics (Depths:1)
  An entropy weaver zombie (Vaults:1)
  6 deep elf archers
  3 deep trolls
  3 shambling mangroves
  2 unseen horrors
  3 wizards
  A large abomination (Swamp:4)
  An oklob plant (Lair:1)
  6 orc sorcerers
  33 ugly things
  22 orb spiders
  27 deep elf magi
  A faun (shapeshifter) (Depths:1)
  2 necromancers
  30 wolf spiders
  6 orc knights
  A manticore (D:15)
  8 cyclopes
  3 salamanders
  Joseph (D:9)
  2 centaur zombies (D:15)
  2 ice statues
  6 elephants
  7 vault sentinels (Vaults:1)
  3 black mambas
  A black mamba (shapeshifter) (Depths:1)
  3 orange demons
  A torpor snail (Spider:2)
  A torpor snail (shapeshifter) (Depths:1)
  A kobold demonologist (D:15)
  8 komodo dragons
  41 spiny frogs
  A freezing wraith (Vaults:1)
  3 rime drakes
  32 yaktaurs
  10 demonic crawlers
  46 jumping spiders
  3 meliai (D:14)
  A queen bee (D:9)
  13 merfolk
  4 trolls
  18 hornets
  10 bog bodies
  12 tyrant leeches
  11 polar bears
  28 blink frogs
  3 hippogriffs
  25 slime creatures
  2 meliai zombies
  A spriggan skeleton (Depths:2)
  Sigmund (D:4)
  3 spriggans
  5 shadows
  31 tarantellas
  A water elemental (Depths:1)
  4 wyverns
  Eustachio (D:5)
  A centaur simulacrum (D:14)
  A ynoxinul (Depths:1)
  4 basilisks
  100 redbacks
  5 wraiths
  4 fire bats (Lair:2)
  69 yaks
  2 fire elementals
  2 hungry ghosts
  A human (shapeshifter) (Vaults:1)
  21 vampire mosquitoes
  Grum (D:9)
  19 swamp worms
  3 wargs
  3 nagas (Depths:1)
  2 acid dragons
  A soldier ant (shapeshifter) (Vaults:2)
  11 water moccasins
  7 porcupines
  46 orc warriors
  4 ice beasts
  A hornet zombie (D:11)
  8 swamp drakes
  5 sky beasts
  A black bear (D:6)
  5 phantoms
  The ghost of Phlounder the Skirmisher, an amateur DsWn of Ashenzari (D:3)
  An eye of draining (D:12)
  8 boggarts
  A necrophage (D:11)
  An eye of draining (shapeshifter) (Depths:1)
  29 ogres
  35 wolves
  A small abomination (Swamp:4)
  9 crocodiles
  38 centaurs
  A human skeleton (Vaults:1)
  3 big kobolds (D:15)
  A big kobold (shapeshifter) (Vaults:1)
  23 bullfrogs
  A water moccasin zombie (D:8)
  A wyvern skeleton (D:10)
  10 scorpions
  26 killer bees
  9 wights
  7 howler monkeys
  7 electric eels
  A howler monkey (shapeshifter) (Depths:1)
  4 crimson imps
  A bullfrog zombie (D:12)
  A yaktaur simulacrum (Vaults:1)
  A lava snake (Lair:2)
  12 hounds
  4 bullfrog skeletons
  30 orc priests
  A gnoll shaman (D:9)
  9 jellies
  23 orc wizards
  5 centaur skeletons
  Jessica (D:3)
  5 iguanas
  18 worker ants
  4 hell rats (Lair:4)
  4 polar bear simulacra (Lair:2)
  3 yak simulacra (Lair:2)
  A killer bee zombie (D:9)
  3 wolf simulacra (Lair:2)
  A hound zombie (D:10)
  2 hound skeletons
  2 gnolls (D:9)
  16 adders
  4 shadow imps
  7 oozes
  An adder skeleton (D:4)
  4 worms
  3 dart slugs
  2 leopard geckos
  112 orcs
  A ball python (D:3)
  16 bats
  3 giant cockroaches
  5 goblins
  7 hobgoblins
  11 jackals
  7 kobolds
  3 quokkas
  7 frilled lizards
  4 rats
  A river rat simulacrum (Lair:2)
  3 fungi
  7 plants
1620 creatures vanquished.

Vanquished Creatures (collateral kills)
  A tentacled monstrosity (Swamp:4)
  A thorn hunter (Swamp:2)
  2 frost giants (Vaults:2)
  A fire giant (D:4)
  An orc warlord (Orc:2)
  An emperor scorpion (Spider:2)
  An ironheart preserver (Vaults:1)
  2 very ugly things
  A deep elf death mage (Depths:1)
  An ettin (Orc:2)
  2 vault guards (Vaults:1)
  An ice dragon (Depths:1)
  An ogre mage (Vaults:1)
  A spriggan (Swamp:1)
  A skeletal warrior (Vaults:1)
  A large abomination (Swamp:4)
  An orb spider (Spider:4)
  4 orc knights
  An orc sorcerer (Orc:2)
  5 ugly things
  2 spiny frogs
  A hornet (Swamp:1)
  2 slime creatures
  A blink frog (Lair:6)
  2 jumping spiders (Spider:4)
  2 merfolk (Vaults:1)
  4 yaks
  A wyvern (D:14)
  A swamp worm (Swamp:1)
  6 orc warriors
  2 ogres
  A killer bee (D:9)
  A crimson imp (D:14)
  A hound (D:11)
  3 orc priests
  2 orc wizards (Orc:2)
  A gnoll (D:9)
  6 orcs
69 creatures vanquished.

Vanquished Creatures (others)
  A deep elf blademaster (Vaults:1)
  A boggart (Vaults:1)
  6 fungi
  35 plants
43 creatures vanquished.

Grand Total: 1732 creatures vanquished

Notes
Turn   | Place    | Note
-------+----------+-------------------------------------------
     0 | D:1      | Dfrag the Demonspawn Fire Elementalist began the quest for the Orb.
     0 | D:1      | Reached XP level 1. HP: 13/13 MP: 3/3
   404 | D:1      | Gained mutation: You have a pair of small horns on your head. [demonic ancestry]
   404 | D:1      | Reached XP level 2. HP: 19/19 MP: 3/5
   728 | D:1      | Reached XP level 3. HP: 24/24 MP: 4/6
   812 | D:2      | Found a shimmering altar of Xom.
   813 | D:2      | Found a sparkling altar of Nemelex Xobeh.
   816 | D:2      | Found an iron altar of Okawaru.
   824 | D:2      | Became a worshipper of Warmaster Okawaru
   829 | D:2      | Learned a level 3 spell: Conjure Flame
  1236 | D:3      | Noticed Jessica
  1239 | D:3      | Killed Jessica
  1239 | D:3      | Gained mutation: You are partially covered in iridescent scales. (AC +2) [demonic ancestry]
  1239 | D:3      | Reached XP level 4. HP: 30/30 MP: 3/8
  1249 | D:3      | Noticed Phlounder's ghost (amateur DsWn)
  1699 | D:3      | Reached XP level 5. HP: 29/35 MP: 5/9
  1747 | D:3      | Noticed an ogre
  1797 | D:3      | Learned a level 4 spell: Sticky Flame
  1805 | D:3      | Killed an ogre
  1805 | D:3      | Reached * piety under Okawaru
  2300 | D:3      | Killed Phlounder's ghost
  2300 | D:3      | Reached XP level 6. HP: 19/41 MP: 1/11
  2532 | D:4      | Found Zin's Purification Station.
  2905 | D:4      | Found Wanaesas's Magic Scroll Boutique.
  2941 | D:4      | Bought a scroll of blinking for 90 gold pieces
  2941 | D:4      | Bought a scroll of identify for 24 gold pieces
  2941 | D:4      | Bought a scroll of identify for 24 gold pieces
  2941 | D:4      | Bought a scroll of magic mapping for 42 gold pieces
  2960 | D:4      | Found a glowing silver altar of Zin.
  2997 | D:4      | Noticed Sigmund
  3009 | D:4      | Killed Sigmund
  3009 | D:4      | Reached ** piety under Okawaru
  3009 | D:4      | Reached XP level 7. HP: 32/46 MP: 1/13
  3152 | D:4      | Found a staircase to the Ecumenical Temple.
  3279 | D:5      | Entered Level 5 of the Dungeon
  3305 | D:5      | Noticed Eustachio
  3313 | D:5      | Got a fabulously ornate robe
  3324 | D:5      | Identified the +1 robe "Zytixun" {-Tele Regen+ SInv} (You found it on level 5 of the Dungeon)
  3360 | D:5      | Killed Eustachio
  3360 | D:5      | Reached skill level 5 in Fire Magic
  3608 | D:5      | Reached skill level 5 in Spellcasting
  3608 | D:5      | Reached skill level 5 in Conjurations
  3614 | D:5      | Gained mutation: You have sharp toenails. [mutagenic meat]
  3615 | D:5      | Gained mutation: You are agile. (Dex +2) [mutagenic meat]
  3830 | D:5      | Gained mutation: You are mostly covered in iridescent scales. (AC +4) [demonic ancestry]
  3830 | D:5      | Reached XP level 8. HP: 44/52 MP: 8/15
  3837 | D:5      | Learned a level 5 spell: Fireball
  4074 | D:6      | Found a deep blue altar of Sif Muna.
  4174 | D:6      | Reached *** piety under Okawaru
  4969 | D:7      | Reached **** piety under Okawaru
  5150 | D:7      | Found a hide-covered altar of Uskayaw.
  5150 | D:7      | Noticed a hand axe
  5151 | D:7      | Noticed a hand axe
  5165 | D:7      | Gained mutation: You have a pair of horns on your head. [demonic ancestry]
  5165 | D:7      | Reached XP level 9. HP: 56/57 MP: 3/18
  5499 | D:8      | Noticed a two-headed ogre
  5515 | D:8      | Killed a two-headed ogre
  5515 | D:8      | Reached ***** piety under Okawaru
  5586 | D:8      | Noticed Gastronok
  6106 | D:9      | Found Jagahunt's Food Boutique.
  6110 | D:9      | Noticed AllHailThrall's ghost (novice MiBe)
  6117 | D:8      | Noticed a two-headed ogre
  6474 | D:10     | Entered Level 10 of the Dungeon
  6872 | D:10     | Reached XP level 10. HP: 46/63 MP: 12/21
  7117 | D:10     | Received a gift from Okawaru
  7318 | D:10     | Noticed a two-headed ogre
  7322 | D:10     | Killed a two-headed ogre
  7389 | D:9      | Noticed Joseph
  7662 | D:8      | Killed a two-headed ogre
  7735 | D:8      | Killed Gastronok
  7735 | D:8      | Reached skill level 10 in Conjurations
  7735 | D:8      | Gained mutation: A weak demonic guardian rushes to your aid. [demonic ancestry]
  7735 | D:8      | Reached XP level 11. HP: 67/68 MP: 1/24
  8248 | D:9      | Killed AllHailThrall's ghost
  8438 | D:9      | Noticed Grum
  8440 | D:9      | Killed Grum
  8513 | D:9      | Killed Joseph
  8656 | D:9      | Found a staircase to the Orcish Mines.
  8895 | D:9      | Reached skill level 10 in Fire Magic
  8928 | D:9      | Reached ****** piety under Okawaru
  9211 | D:9      | Noticed a two-headed ogre
  9215 | D:9      | Killed a two-headed ogre
  9215 | D:9      | Reached skill level 10 in Spellcasting
  9528 | D:11     | Found a staircase to the Lair.
  9529 | D:11     | Noticed a cyan ugly thing
  9530 | D:11     | Received a gift from Okawaru
  9558 | D:11     | Killed a cyan ugly thing
  9810 | D:11     | Noticed a two-headed ogre
  9813 | D:11     | Killed a two-headed ogre
 10128 | D:11     | Received a gift from Okawaru
 10128 | D:11     | Reached XP level 12. HP: 60/74 MP: 1/26
 11065 | D:12     | Noticed a two-headed ogre
 11069 | D:12     | Killed a two-headed ogre
 12433 | D:13     | Found Qivon's General Store.
 12440 | D:13     | Bought a scroll of identify for 28 gold pieces
 12479 | D:13     | Received a gift from Okawaru
 12481 | D:13     | Noticed a centaur warrior
 12481 | D:13     | Noticed a centaur warrior
 12587 | D:13     | Noticed a catoblepas
 12589 | D:13     | Killed a catoblepas
 12602 | D:13     | HP: 3/74 [centaur warrior/arrow (14)]
 12766 | D:13     | Killed a centaur warrior
 13042 | D:13     | Killed a centaur warrior
 13568 | D:14     | Received a gift from Okawaru
 13568 | D:14     | Reached XP level 13. HP: 79/79 MP: 18/28
 13985 | D:14     | Noticed Roxanne
 14546 | D:14     | Learned a level 3 spell: Mephitic Cloud
 14612 | D:14     | Identified Sif Muna's Papyrus of Bewitchment
 14743 | D:14     | Found a snail-covered altar of Cheibriados.
 14920 | D:14     | Received a gift from Okawaru
 15197 | D:14     | Reached skill level 1 in Invocations
 15256 | Lair:1   | Entered Level 1 of the Lair of Beasts
 15256 | Lair:1   | Noticed Erica
 15260 | Lair:1   | Killed Erica
 15260 | Lair:1   | Reached skill level 1 in Fighting
 15550 | Lair:1   | Found a shimmering altar of Xom.
 16349 | Lair:2   | Received a gift from Okawaru
 16396 | Lair:2   | Found a frozen archway.
 16447 | IceCv    | Entered an ice cave
 16451 | IceCv    | Learned a level 2 spell: Searing Ray
 16879 | IceCv    | Gained mutation: You have a pair of large horns on your head. [demonic ancestry]
 16879 | IceCv    | Reached XP level 14. HP: 35/93 MP: 0/30
 16916 | IceCv    | Reached skill level 5 in Invocations
 17616 | IceCv    | Noticed a frost giant
 17619 | IceCv    | Killed a frost giant
 18197 | Lair:2   | Received a gift from Okawaru
 18220 | Lair:2   | Reached skill level 5 in Fighting
 18987 | Lair:3   | Received a gift from Okawaru
 20000 | Lair:4   | Found a staircase to the Swamp.
 20294 | Lair:4   | Found a hole to the Spider Nest.
 20922 | Lair:5   | Learned a level 2 spell: Blink
 21048 | Lair:5   | Received a gift from Okawaru
 21297 | Lair:5   | Noticed Nessos
 21299 | Lair:5   | Killed Nessos
 21299 | Lair:5   | Reached skill level 1 in Shields
 21305 | Lair:5   | Gained mutation: A demonic guardian rushes to your aid. [demonic ancestry]
 21305 | Lair:5   | Reached XP level 15. HP: 93/107 MP: 8/32
 21887 | Lair:6   | Entered Level 6 of the Lair of Beasts
 22435 | Lair:6   | Received a gift from Okawaru
 22444 | Lair:6   | Got a shimmering quarterstaff {god gift}
 23577 | Lair:6   | Identified the +11 quarterstaff of Heocyt {venom, rF+ rN+} (Okawaru gifted it to you on level 6 of the Lair of Beasts)
 23591 | Lair:6   | Received a gift from Okawaru
 23624 | Lair:6   | Got a faintly glowing shield {god gift}
 23631 | Lair:6   | Identified the +0 shield "Deyhag" {rElec rF+ rN+ Dex+4} (Okawaru gifted it to you on level 6 of the Lair of Beasts)
 23723 | Lair:6   | Found a viscous altar of Jiyva.
 23723 | Lair:6   | Found a staircase to the Slime Pits.
 23993 | Orc:1    | Entered Level 1 of the Orcish Mines
 24270 | Orc:1    | Found a bloodstained altar of Trog.
 24441 | Orc:2    | Entered Level 2 of the Orcish Mines
 24995 | Orc:2    | Found a staircase to the Elven Halls.
 25036 | Orc:2    | Noticed an orc warlord
 25068 | Orc:2    | Killed an orc warlord
 25327 | Orc:2    | Received a gift from Okawaru
 25827 | Orc:2    | Found a roughly hewn altar of Beogh.
 26004 | Orc:2    | Found Peush's General Store.
 26005 | Orc:2    | Found Fihi's Jewellery Shop.
 26006 | Orc:2    | Found Iroetwih's Antique Armour Boutique.
 26006 | Orc:2    | Found Semi's Antique Weapon Boutique.
 26022 | Orc:2    | Bought a potion of heal wounds for 70 gold pieces
 26024 | Orc:2    | Bought a scroll of blinking for 105 gold pieces
 26046 | Orc:2    | Bought a brightly glowing leather armour for 231 gold pieces
 26060 | Orc:2    | Identified the +1 leather armour "Plog" {rF- rC- Regen+ MP+9} (You bought it in a shop on level 2 of the Orcish Mines)
 26543 | Swamp:1  | Entered Level 1 of the Swamp
 26925 | Swamp:1  | Reached skill level 5 in Shields
 27984 | Swamp:1  | Gained mutation: You are completely covered in iridescent scales. (AC +6) [demonic ancestry]
 27984 | Swamp:1  | Reached XP level 16. HP: 120/120 MP: 23/34
 28060 | Swamp:1  | Noticed a tentacled monstrosity
 28088 | Swamp:1  | Killed a tentacled monstrosity
 28335 | Swamp:2  | Noticed Donald
 28338 | Swamp:2  | Received a gift from Okawaru
 28342 | Swamp:2  | Killed Donald
 28367 | Swamp:2  | Noticed a thorn hunter
 28375 | Swamp:2  | Killed a thorn hunter
 28390 | Swamp:2  | Got a crude scarf {god gift}
 28396 | Swamp:2  | Identified the scarf of the Hot Ocelot {Dex+3} (Okawaru gifted it to you on level 2 of the Swamp)
 30268 | Swamp:3  | Reached skill level 15 in Fire Magic
 30487 | Swamp:3  | Reached skill level 15 in Spellcasting
 30535 | Swamp:4  | Entered Level 4 of the Swamp
 30704 | Swamp:4  | Noticed Jorgrun
 30708 | Swamp:4  | Killed Jorgrun
 30708 | Swamp:4  | Reached skill level 10 in Fighting
 31363 | Swamp:4  | Received a gift from Okawaru
 31405 | Swamp:4  | Got a pair of jewelled gloves {god gift}
 31411 | Swamp:4  | Identified the +1 pair of gloves of Okawaru's Wrath {rElec MR++ rCorr Slay-4} (Okawaru gifted it to you on level 4 of the Swamp)
 31750 | Swamp:4  | Noticed a tentacled monstrosity
 31764 | Swamp:4  | Killed a tentacled monstrosity
 32911 | Swamp:4  | Gained mutation: When hurt, damage is shared between your health and your magic reserves. [demonic ancestry]
 32911 | Swamp:4  | Reached XP level 17. HP: 129/129 MP: 22/36
 33387 | Spider:1 | Entered Level 1 of the Spider Nest
 33934 | Spider:1 | Received a gift from Okawaru
 37093 | Spider:3 | Received a gift from Okawaru
 37103 | Spider:3 | Got a steaming demon whip {god gift}
 37104 | Spider:3 | Identified the +8 demon whip "Jelly's Curse" {pain, rElec} (Okawaru gifted it to you on level 3 of the Spider Nest)
 37313 | Spider:4 | Entered Level 4 of the Spider Nest
 38510 | Spider:4 | Reached skill level 10 in Shields
 38673 | Spider:4 | Gained mutation: You are robust. (+10% HP) [demonic ancestry]
 38673 | Spider:4 | Reached XP level 18. HP: 120/151 MP: 35/38
 38772 | Spider:4 | Received a gift from Okawaru
 39519 | Spider:4 | HP: 11/226 [poisoned by a ghost moth]
 39529 | Spider:4 | HP: 5/151 [something (12)]
 41588 | Spider:4 | Received a gift from Okawaru
 41682 | Spider:4 | Got a gossamer rune of Zot
 42143 | Elf:1    | Entered Level 1 of the Elven Halls
 42522 | Orc:2    | Bought a potion of lignification for 42 gold pieces
 43650 | Elf:1    | Found Sen Qoo's Jewellery Emporium.
 43653 | Elf:1    | Found Qumunax's Gadget Boutique.
 43654 | Elf:1    | Found Boomebut's Jewellery Emporium.
 43666 | Elf:1    | Bought a cursed amulet of inaccuracy for 28 gold pieces
 43666 | Elf:1    | Bought a cursed ring of loudness for 63 gold pieces
 43759 | Elf:1    | Found Yvyo's Magic Scroll Emporium.
 43767 | Elf:1    | Bought a scroll of identify for 26 gold pieces
 43767 | Elf:1    | Bought a scroll of identify for 26 gold pieces
 43767 | Elf:1    | Bought a scroll of teleportation for 39 gold pieces
 43767 | Elf:1    | Bought a scroll of identify for 26 gold pieces
 43767 | Elf:1    | Bought a scroll of blinking for 97 gold pieces
 44157 | Elf:1    | Found Ostrewa's Weapon Shop.
 44347 | Elf:1    | Found Koigahe's Food Boutique.
 44410 | Elf:1    | Found Veigraru's Weapon Emporium.
 45603 | D:15     | Entered Level 15 of the Dungeon
 46326 | D:15     | Found a staircase to the Depths.
 46924 | Depths:1 | Entered Level 1 of the Depths
 46939 | D:15     | Upgraded the game from 0.20-a0-850-ge5a7832 to 0.20-a0-855-gd83b866
 47141 | Lair:5   | Learned a level 4 spell: Iskenderun's Mystic Blast
 47643 | Depths:1 | Noticed Mara
 47695 | Depths:1 | Received a gift from Okawaru
 47747 | D:15     | Learned a level 6 spell: Freezing Cloud
 47812 | D:15     | Reached skill level 1 in Ice Magic
 48085 | Depths:1 | Gained mutation: You are very robust. (+20% HP) [demonic ancestry]
 48085 | Depths:1 | Reached XP level 19. HP: 123/172 MP: 23/40
 48086 | Depths:1 | Noticed Dfrag's illusion
 48408 | D:15     | Noticed Dfrag's illusion
 48587 | Depths:1 | Found a gateway to a ziggurat.
 48796 | Depths:1 | Found a gateway to Hell.
 48892 | Depths:1 | Received a gift from Okawaru
 49005 | Depths:1 | Identified a +2 pair of boots of running (Okawaru gifted it to you on level 1 of the Depths)
 49046 | Depths:1 | Found a one-way gate leading to the halls of Pandemonium.
 49047 | Depths:1 | Gained mutation: You are occasionally teleported next to monsters. [a cacodemon]
 49259 | Depths:1 | Reached skill level 5 in Ice Magic
 49300 | Depths:1 | Lost mutation: You have sharp toenails. [potion of mutation]
 49300 | Depths:1 | Gained mutation: You are very agile. (Dex +4) [potion of mutation]
 49300 | Depths:1 | Lost mutation: You are occasionally teleported next to monsters. [potion of mutation]
 49300 | Depths:1 | Gained mutation: Your flesh is heat resistant. (rF+) [potion of mutation]
 49301 | Depths:1 | Lost mutation: You are very agile. (Dex +4) [potion of mutation]
 49301 | Depths:1 | Lost mutation: You are agile. (Dex +2) [potion of mutation]
 49301 | Depths:1 | Lost mutation: Your flesh is heat resistant. (rF+) [potion of mutation]
 49301 | Depths:1 | Gained mutation: You are agile. (Dex +2) [potion of mutation]
 49301 | Depths:1 | Gained mutation: Your magical capacity is low. (-10% MP) [potion of mutation]
 49301 | Depths:1 | Gained mutation: You are resistant to hostile enchantments. (MR+) [potion of mutation]
 49302 | Depths:1 | Lost mutation: Your magical capacity is low. (-10% MP) [potion of mutation]
 49302 | Depths:1 | Lost mutation: You are agile. (Dex +2) [potion of mutation]
 49302 | Depths:1 | Gained mutation: Potions are less effective at restoring your health. [potion of mutation]
 49302 | Depths:1 | Gained mutation: You tend to lose your temper in combat. [potion of mutation]
 49302 | Depths:1 | Gained mutation: You are agile. (Dex +2) [potion of mutation]
 49303 | Depths:1 | Lost mutation: You are resistant to hostile enchantments. (MR+) [potion of mutation]
 49303 | Depths:1 | Lost mutation: You are agile. (Dex +2) [potion of mutation]
 49303 | Depths:1 | Gained mutation: You are resistant to hostile enchantments. (MR+) [potion of mutation]
 49303 | Depths:1 | Gained mutation: Your body sometimes deteriorates upon taking damage. [potion of mutation]
 49303 | Depths:1 | Gained mutation: You are covered in fur. (AC +1) [potion of mutation]
 49304 | Depths:1 | Lost mutation: Your body sometimes deteriorates upon taking damage. [potion of mutation]
 49304 | Depths:1 | Gained mutation: Your magical capacity is low. (-10% MP) [potion of mutation]
 49304 | Depths:1 | Gained mutation: You have large cloven feet. [potion of mutation]
 49305 | Depths:1 | Lost mutation: Your magical capacity is low. (-10% MP) [potion of mutation]
 49305 | Depths:1 | Lost mutation: You are resistant to hostile enchantments. (MR+) [potion of mutation]
 49305 | Depths:1 | Lost mutation: You tend to lose your temper in combat. [potion of mutation]
 49305 | Depths:1 | Gained mutation: You are resistant to electric shocks. (rElec) [potion of mutation]
 49305 | Depths:1 | Gained mutation: You are covered in thick fur. (AC +2) [potion of mutation]
 49305 | Depths:1 | Gained mutation: You possess an exceptional clarity of mind. [potion of mutation]
 50141 | D:14     | Found a gate to the Vaults.
 50625 | Temple   | Entered the Ecumenical Temple
 50651 | Temple   | Fell from the grace of Okawaru
 50651 | Temple   | Became a worshipper of Vehumet
 51208 | Depths:1 | Reached * piety under Vehumet
 51208 | Depths:1 | Offered knowledge of Freeze by Vehumet.
 52164 | Depths:2 | Noticed the Enchantress
 52164 | Depths:2 | Noticed Sojobo
 52801 | Vaults:1 | Entered Level 1 of the Vaults
 52930 | Vaults:1 | Noticed Asterion
 52941 | Vaults:1 | Killed Asterion
 53029 | Vaults:1 | Offered knowledge of Shock by Vehumet.
 53030 | Vaults:1 | Reached ** piety under Vehumet
 53505 | Vaults:1 | Offered knowledge of Ignite Poison by Vehumet.
 53609 | Vaults:1 | Gained mutation: You regenerate magic rapidly. [demonic ancestry]
 53609 | Vaults:1 | Reached XP level 20. HP: 92/181 MP: 11/41
 53615 | Vaults:1 | Reached *** piety under Vehumet
 54482 | Vaults:1 | Offered knowledge of Stone Arrow by Vehumet.
 55101 | Vaults:2 | Found Kamojaep's General Store.
 55111 | Vaults:2 | Bought a scroll of teleportation for 45 gold pieces
 55111 | Vaults:2 | Bought a scroll of identify for 30 gold pieces
 55901 | Vaults:2 | Killed from afar by a frost giant

Vault maps used:
D:1:      minmay_arrival_plants_in_alcoves
D:2:      minitemple, minmay_surrounded
D:3:      first_bread, minmay_misc_feat_iff, kennysheep_generic_room_4,
          uniq_jessica
D:4:      zin_purify, minmay_temple_entry_hall, serial_shops, shop_scrolls,
          uniq_sigmund
D:5:      uniq_eustachio
D:6:      kennysheep_mini
D:7:      dancing_weapons_uskayaw
D:8:      hangedman_decor_slide_cut, uniq_gastronok
D:9:      orc_0_dummy, serial_shops, nicolae_shop_trees, special_room,
          uniq_joseph, uniq_grum
D:11:     erik_lair_island
D:12:     hangedman_little_slice_of_home
D:13:     serial_shops, nicolae_shop_waterfront
D:14:     david_vaults_5, cheibriados_altar_1, serial_bayou_pond_d,
          minivault_15, uniq_roxanne
D:15:     grunt_enter_depths_snipers, st_stairs_10
Temple:   nicolae_temple_elliptical
Lair:1:   lemuel_centaur_altar, serial_bayou_shore_a, minmay_lair_oklob_chamber,
          uniq_erica
Lair:2:   portal_ice_cave_entry_pillars_2, eino_house_with_fridge,
          infiniplex_staircase_pool_2, grunt_megastairs_1
Lair:4:   minmay_swamp_entry_reptiles, nicolae_spider_entry_non_spiders
Lair:5:   wad_woods_river_01, uniq_nessos
Lair:6:   minmay_lair_end_frog_pond, dpeg_slime_entry_enclosed_altar
Swamp:1:  serial_swamp_ruin, evilmike_swamp_ruin_house_1,
          hangedman_swamp_ruin_wall
Swamp:2:  evilmike_swamp_ruin_house_2, uniq_donald
Swamp:3:  nicolae_swamp_dense_foliage
Swamp:4:  swamp_vile, swamp_pool3, uniq_jorgrun
Spider:2: nicolae_orb_island
Spider:4: grunt_spider_rune_circles
Orc:1:    basic_altar
Orc:2:    st_orc_congregation, david_defended_altar_orc
Elf:1:    serial_shops, nicolae_shop_competitors_out_of_business,
          nicolae_shop_stone, nicolae_shop_crystal, shop,
          hangedman_elven_crosses_minicolossus, hex_intersection,
          billiards_dpeg, minmay_shop_grove
Elf:2:    uniq_azrael, uniq_saint_roka
Vaults:1: v_pattern_1, hangedman_vaults_unwind, vaults_mumra_hex,
          nicolae_vaults_disjoint_gnomons, ontoclasm_vaults_eye, v_misc_19,
          dpeg_vaults_monster_box, vaults_room_large_hall,
          nicolae_vaults_branching_niches, nicolae_vaults_specimen_jars,
          ontoclasm_vaults_shuriken, uniq_asterion
Vaults:2: ontoclasm_vaults_pinch, hangedman_vaults_stretched_pinwheel,
          grunt_vaults_swirl, minmay_crypt_entry_necro_gods,
          nicolae_vaults_statue_guard, v_misc_4, ontoclasm_vaults_spin,
          vaults_room_pools, v_misc_29, vaults_room_fours, vaults_dpeg_cross,
          nicolae_vaults_mini_display_case, nicolae_vaults_bisected_slash,
          serial_shops, shop
Depths:1: enter_ziggurat_f, rand_demon_pan_entry_5, hell_entry,
          serial_bayou_shore_b, st_stairs_4, kennysheep_generic_room_9,
          serial_bayou_shore_b, serial_bayou_shore_b, uniq_mara
Depths:2: minmay_nine_rooms, minivault_11, hell_entry,
          infiniplex_staircase_pillars_2, uniq_enchantress, uniq_aizul,
          uniq_sojobo
IceCv:    ice_cave_caverns_01

Skill      XL: |  1  2  3  4  5  6  7  8  9 10 11 12 13 14 15 16 17 18 19 |
---------------+----------------------------------------------------------+-----
Fire Magic     | 3 4 5 6 8 9 10 11 12 13 14 15 16 17 | 17.4
Conjurations   | 2 3 4 5 6 8 10 11 12 13 | 13.8
Spellcasting   | 3 4 5 6 7 9 10 11 12 13 14 15 16 17 | 17.5
Invocations    | 4 8 |  8.8
Fighting       | 3 6 9 10 11 | 11.2
Shields        | 1 5 7 10 11 13 | 13.1
Ice Magic      | 1 9 |  9.5
Dodging        | |  1.7
Stealth        | |  1.7

Action                   |  1- 3 |  4- 6 |  7- 9 | 10-12 | 13-15 | 16-18 | 19-21 || total
-------------------------+-------+-------+-------+-------+-------+-------+-------++-------
Melee: Unarmed           |    20 |       |       |     1 |       |       |       ||    21
       Headbutt          |     3 |     8 |    36 |    44 |    78 |    57 |    20 ||   246
       Dagger            |       |    37 |   263 |   197 |    15 |       |       ||   512
       Staff             |       |       |    36 |       |   232 |   139 |    83 ||   490
       Double sword      |       |       |       |       |    81 |    85 |       ||   166
       Demon whip        |       |       |       |       |       |    66 |     2 ||    68
 Cast: Flame Tongue      |    55 |   105 |   116 |   169 |   225 |    35 |     2 ||   707
       Sticky Flame      |       |     3 |    31 |    81 |   184 |   158 |    52 ||   509
       Fireball          |       |       |     7 |    88 |   219 |   532 |   303 ||  1149
       Searing Ray       |       |       |       |       |    10 |    17 |       ||    27
       Blink             |       |       |       |       |       |     2 |       ||     2
       Iskenderun's Myst |       |       |       |       |       |    23 |    15 ||    38
       Freezing Cloud    |       |       |       |       |       |       |    16 ||    16
       Mephitic Cloud    |       |       |       |       |       |       |     2 ||     2
Invok: Heroism           |       |       |       |       |       |     2 |     1 ||     3
       Finesse           |       |       |       |       |       |     1 |     1 ||     2
Evoke: Wand              |       |       |     6 |     4 |     1 |     7 |     1 ||    19
  Use: Scroll            |       |       |     9 |     8 |     6 |    19 |    11 ||    53
       Potion            |       |       |     4 |     3 |     2 |    21 |    12 ||    42
 Stab: Sleeping          |       |     1 |     1 |       |       |       |       ||     2
       Confused          |       |       |     1 |       |       |       |       ||     1
       Distracted        |       |       |       |     2 |     2 |     1 |       ||     5
       Fleeing           |       |       |       |       |       |       |     1 ||     1
  Eat: Chunk             |     2 |     5 |    18 |    32 |    63 |    52 |    22 ||   194
       Royal jelly       |       |       |     2 |     1 |     2 |    18 |     3 ||    26
       Fruit             |       |       |     1 |       |     4 |     1 |       ||     6
       Meat ration       |       |       |       |     1 |       |       |       ||     1
Armor: Robe              |     5 |    32 |   172 |   119 |   166 |   220 |    54 ||   768
       Skin              |       |       |    44 |    60 |       |   200 |       ||   304
Dodge: Dodged            |    32 |    74 |   215 |   168 |   421 |   492 |   181 ||  1583
Block: Buckler           |       |       |       |    22 |   109 |       |       ||   131
       Shield            |       |       |       |       |    84 |   463 |   178 ||   725
       Rpst.: Double sword |       |       |       |       |    18 |    15 |       ||    33
